Map: [ESL] Oceanborn

Players

Silky

  • Race: Zerg Zerg
  • Spawn Location: 5:00

Oliveira - Winner!

  • Race: Terran Terran
  • Spawn Location: 11:00

Event: ESL SC2 Masters 2024 Spring (Regional)

VOD

Have the link to the VOD?

Description

Time

  • Played on: April 16, 2024, 7:39 a.m.
  • Length: 3:57

All games in this series

Show
View Real Time Build Order
Export as new Build Order

Silky Zerg 

Build Orders: Hatch First, Zergling Baneling 

Get SALT Encoding   

  12  0:00  Drone  
  13  0:09  Drone  
  14  0:16  Extractor, Drone  
  15  0:37  Hatchery  
  14  0:44  Extractor, Drone  
  14  0:49  Overlord  
  14  1:05  Spawning Pool  
  14  1:09  Drone  
  14  1:13  Drone  
  15  1:18  Drone  
  16  1:34  Drone  
  17  1:52  Zergling x6  
  17  1:53  Metabolic Boost  
  20  1:57  Zergling x2  
  20  2:00  Queen  
  23  2:08  Zergling x2  
  23  2:09  Zergling x2  
  25  2:23  Zergling x6  
  25  2:27  Evolution Chamber  
  25  2:28  Baneling Nest  
  27  2:31  Zergling x2  
  27  2:42  Overlord  
  27  3:00  Zergling x10  
  32  3:12  Zergling x2  
  33  3:14  Baneling x5  
  33  3:15  Baneling  
  33  3:16  Baneling  
  33  3:20  Baneling  
  33  3:26  Zergling x4  
  35  3:31  Baneling  
  35  3:32  Zergling x2  
Show
View Real Time Build Order
Export as new Build Order

Oliveira Terran - Winner!

Build Orders: Reaper Expand 

Get SALT Encoding   

  12  0:00  SCV  
  13  0:12  SCV  
  14  0:17  Supply Depot  
  14  0:25  SCV  
  15  0:38  SCV  
  15  0:39  Barracks  
  16  0:44  Refinery  
  16  0:51  SCV  
  17  1:03  SCV  
  18  1:15  SCV  
  19  1:27  Orbital Command, Reaper  
  20  1:38  Command Center  
  20  1:46  Supply Depot  
  20  1:53  SCV  
  21  1:59  Marine  
  22  2:05  SCV  
  23  2:10  Factory  
  23  2:17  SCV  
  23  2:21  Barracks Reactor  
  24  2:33  SCV  
  24  2:36  Command Center  
  25  2:45  SCV  
  25  2:51  Orbital Command  
  26  2:54  Hellion  
  26  2:57  Marine x2  
  28  3:02  SCV  
  29  3:16  Hellion  
  29  3:17  Marine  
  29  3:18  Bunker, Marine  
  33  3:35  Marine  
  33  3:37  Engineering Bay  
  33  3:38  Engineering Bay  
Tags
 
Add a new tag
Caveats
  • Supply blocks, unpowered buildings, or Contaminate may cause inaccurate times.
  • Supply counts are checked every 10 seconds.